 Dungeon Crawl Stone Soup version 0.28.0-1-gb440e238dd (webtiles) character file.

Game seed: 1473407902907297341

1810 issech the Cudgeller (level 8, -4/57 (71) HPs)
             Began as a Troll Monk on Feb 22, 2022.
             Was a Believer of Hepliaklqana.
             Slain by dropkickpikachu's ghost (11 damage)
             ... on level 6 of the Dungeon.
             The game lasted 00:18:25 (5432 turns).

issech the Cudgeller (Troll Monk)                   Turns: 5432, Time: 00:18:26

HP:   -4/57 (71)    AC:  7    Str: 20    XL:     8   Next: 84%
MP:   7/7           EV: 12    Int:  6    God:    Hepliaklqana [**....]
Gold: 382           SH:  0    Dex: 14    Spells: 7/7 levels left

rFire   . . .      SeeInvis .   q - +2 whip (elec)
rCold   . . .      Faith    .   (no shield)
rNeg    . . .      Spirit   .   b - +0 robe
rPois   .          Reflect  .   s - +2 hat
rElec   .          Harm     .   M - +0 cloak
rCorr   +          Rampage  .   (gloves unavailable)
Will    .....                   (boots unavailable)
Stlth   ++........              (no amulet)
HPRegen 0.99/turn               w - ring of resist corrosion
MPRegen 0.10/turn               u - ring of wizardry

@: heavily drained
A: reduced essence, large, unfitting armour, claws 3, regeneration 1, shaggy fur
1, tough skin 1
a: Renounce Religion, Recall Ancestor, Ancestor Identity


You were on level 6 of the Dungeon.
You worshipped Hepliaklqana.
Hepliaklqana was pleased with you.
You visited 2 branches of the dungeon, and saw 7 of its levels.

You collected 382 gold pieces.

Inventory:

Hand Weapons
 a - a +0 mace
 f - a +2 vorpal spear
 p - a +0 long sword of holy wrath
 q - a +2 whip of electrocution (weapon)
 v - a +0 arbalest
 A - the +1 spear of Qoleik {vamp, *Rage rElec Str+9 Dex-2}
   (You found it on level 4 of the Dungeon)

   It occasionally heals its wielder for a portion of the damage dealt when it
   wounds a living foe.
   Str:       It affects your strength (+9).
   Dex:       It affects your dexterity (-2).
   rElec:     It insulates you from electricity.
   *Rage:     It berserks you when you make melee attacks (+20% chance).
 D - a +4 rapier
Missiles
 c - 114 stones (quivered)
 m - 64 sling bullets
 B - 6 poisoned darts
 F - 15 bolts
 H - 6 boomerangs
 I - 8 arrows
Armour
 b - a +0 robe (worn)
 s - a +2 hat (worn)
 M - a +0 cloak (worn)
Magical Staves
 L - a staff of death
Jewellery
 u - a ring of wizardry (right claw)
 w - a ring of resist corrosion (left claw)
Wands
 E - a wand of flame (15)
 J - a wand of polymorph (22)
Scrolls
 d - 2 scrolls of fog {unknown}
 e - 2 scrolls of enchant weapon {unknown}
 g - 2 scrolls of summoning
 h - 2 scrolls of teleportation
 i - a scroll of noise
 l - 2 scrolls of silence {unknown}
 n - 3 scrolls of blinking
 y - 2 scrolls of immolation
 G - a scroll of magic mapping {unknown}
 K - a scroll of torment {unknown}
Potions
 j - 2 potions of resistance {unknown}
 k - a potion of curing {unknown}
 o - 2 potions of haste {unknown}
 r - 4 potions of heal wounds {unknown}
 t - 3 potions of attraction {unknown}
 x - a potion of flight {unknown}
 z - 2 potions of brilliance {unknown}
 C - a potion of might
 N - a potion of mutation {unknown}


   Skills:
 + Level 4.8 Fighting
 + Level 7.3 Maces & Flails
 + Level 0.4 Polearms
 + Level 6.0 Dodging
 + Level 1.8 Stealth


You had 7 spell levels left.
You didn't know any spells.
Your spell library contained the following spells:

 Spells                   Type           Power      Damage    Failure   Level
 Apportation              Tloc           0%         N/A       21%         1
 Beastly Appendage        Tmut           0%         N/A       21%         1
 Pain                     Necr           0%         1d4       21%         1
 Wereblood                Tmut           0%         N/A       28%         2
 Spider Form              Tmut/Pois      0%         N/A       50%         3
 Agony                    Necr           0%         N/A       99%         5
 Alistair's Intoxication  Tmut/Pois      0%         N/A       99%         5
 Excruciating Wounds      Necr           0%         N/A       99%         5
 Iskenderun's Battlesphe  Conj           0%         2d6       99%         5
 Iron Shot                Conj/Erth      0%         9d1       100%        6
 Spellforged Servitor     Conj/Summ      0%         N/A       100%        7


Dungeon Overview and Level Annotations

Branches:
Dungeon (6/15)             Temple (1/1) D:4

Altars:
Ashenzari
Elyvilon
Fedhas
Gozag
Hepliaklqana
Kikubaaqudgha
Nemelex Xobeh
Okawaru
Qazlal
Ru
Sif Muna
Trog
Uskayaw
Vehumet
Wu Jian
Xom
Yredelemnul
Zin
The Shining One

Annotations:
D:6 dropkickpikachu's ghost, novice DsAK


Innate Abilities, Weirdness & Mutations

Your life essence is reduced to manifest your ancestor. (-10% HP)
You are too large for most types of armour.
You have claws for hands.
Your natural rate of healing is unusually fast.
You are covered in fur. (AC +1)
You have tough skin. (AC +1)


Message History

You hit dropkickpikachu's ghost.
Dropkickpikachu's ghost is heavily damaged.
Dropkickpikachu's ghost barely misses you.
You barely miss dropkickpikachu's ghost.
Dropkickpikachu's ghost is heavily damaged.
Dropkickpikachu's ghost hits you.
You feel drained.
Zoran hits dropkickpikachu's ghost but does no damage.
You hit dropkickpikachu's ghost but do no damage.
Dropkickpikachu's ghost is heavily damaged.
Dropkickpikachu's ghost hits you.
You feel drained.
Zoran points at dropkickpikachu's ghost and mumbles some strange words.
The puff of frost hits dropkickpikachu's ghost but does no damage.
You completely miss dropkickpikachu's ghost.
Dropkickpikachu's ghost is heavily damaged.
You hit dropkickpikachu's ghost but do no damage.
Dropkickpikachu's ghost is heavily damaged.
Dropkickpikachu's ghost barely misses you.
Zoran hits dropkickpikachu's ghost with a +0 quarterstaff!
You hit dropkickpikachu's ghost but do no damage.
Dropkickpikachu's ghost is severely damaged.
Dropkickpikachu's ghost closely misses you.
Zoran hits dropkickpikachu's ghost but does no damage.
You hit dropkickpikachu's ghost.
Dropkickpikachu's ghost is severely damaged.
Dropkickpikachu's ghost hits you.
You feel drained.
Zoran hits dropkickpikachu's ghost but does no damage.
You hit dropkickpikachu's ghost but do no damage.
Dropkickpikachu's ghost is severely damaged.
You closely miss dropkickpikachu's ghost.
Dropkickpikachu's ghost is severely damaged.
Dropkickpikachu's ghost hits you!
* * * LOW HITPOINT WARNING * * *
You feel drained.
* * * LOW HITPOINT WARNING * * *
Zoran points at dropkickpikachu's ghost and mumbles some strange words.
The puff of frost misses dropkickpikachu's ghost.
You hit dropkickpikachu's ghost but do no damage.
Dropkickpikachu's ghost is severely damaged.
Dropkickpikachu's ghost hits you!
You die...

##################
...........)))...##
################..#
# ####.##
#.##≈##..#
###..≈#...#
#≈.≈..#@..#
##..#.WR..#
#.$)§§'...#
##!≈⌠§#..##
#≈#?.#..# ##.≈#####
###


You could see the friendly Zoran the battlemage and dropkickpikachu's ghost
(ally target).

Vanquished Creatures
  A sky beast (D:6)
  A bullfrog (D:6)
  A scorpion (D:5)
  A jelly (D:5)
  2 hounds
  2 centaur skeletons
  2 gnoll shamans
  Natasha (thrice) (D:3)
  A mummy (D:4)
  4 gnolls
  7 adders
  An ufetubus (D:5)
  2 worms (D:3)
  3 orcs (D:6)
  11 ball pythons
  3 endoplasms
  6 giant cockroaches
  6 goblins
  9 hobgoblins
  5 jackals
  7 kobolds
  2 quokkas
  7 bats
  2 frilled lizards
  An orc zombie (D:4)
  2 rats
92 creatures vanquished.

Vanquished Creatures (collateral kills)
  Sigmund (D:5)
  Eustachio (D:5)
  A water moccasin (D:4)
  Pargi (D:4)
  A black bear (D:6)
  An ice beast (D:5)
  An orc warrior (D:6)
  A water moccasin skeleton (D:5)
  A bullfrog zombie (D:6)
  A centaur zombie (D:4)
  A jelly (D:6)
  2 hounds
  An iguana (D:6)
  A hound skeleton (D:4)
  3 gnolls (D:5)
  2 adders
  A white imp (D:6)
  An adder skeleton (D:4)
  4 orcs (D:6)
  A giant cockroach (D:4)
  2 hobgoblins (D:4)
  A jackal (D:4)
  2 kobold zombies (D:4)
  An orc zombie (D:4)
33 creatures vanquished.

Vanquished Creatures (others)
  A battlemage (D:6)
1 creature vanquished.

Grand Total: 126 creatures vanquished

Notes
Turn   | Place    | Note
-------+----------+-------------------------------------------
     0 | D:1      | issech the Troll Monk began the quest for the Orb.
     0 | D:1      | Reached XP level 1. HP: 22/22 MP: 0/0
    42 | D:1      | Found a faded altar of an unknown god.
    73 | D:1      | Reached XP level 2. HP: 19/29 MP: 1/1
   352 | D:1      | Reached skill level 3 in Maces & Flails
   578 | D:1      | Reached XP level 3. HP: 36/36 MP: 2/2
  1153 | D:2      | Identified the +5 scale mail of a wizard's laboratory
                  | {Str+4 Int+4 Dex+8 Slay-3}
  1246 | D:2      | Reached XP level 4. HP: 41/44 MP: 3/3
  1609 | D:3      | Found a sacrificial altar of Ru.
  1654 | D:3      | Found an iron altar of Okawaru.
  1689 | D:3      | Noticed Natasha
  1705 | D:3      | Killed Natasha
  1840 | D:3      | Noticed Natasha
  1850 | D:3      | Killed Natasha
  1851 | D:3      | Reached skill level 4 in Maces & Flails
  1851 | D:3      | Reached XP level 5. HP: 44/53 MP: 4/4
  1914 | D:3      | Noticed Natasha
  1922 | D:3      | Killed Natasha
  2222 | D:3      | Found a glowing golden altar of the Shining One.
  2467 | D:3      | Found a shimmering blue altar of Sif Muna.
  2753 | D:4      | Found a staircase to the Ecumenical Temple.
  2816 | D:4      | Reached XP level 6. HP: 51/61 MP: 5/5
  2819 | Temple   | Entered the Ecumenical Temple
  2940 | Temple   | Became a worshipper of Hepliaklqana the Forgotten
  2940 | Temple   | Reached * piety under Hepliaklqana
  2940 | Temple   | Reached ** piety under Hepliaklqana
  2941 | Temple   | Remembered your ancestor Zoran as a battlemage
  3174 | D:4      | Noticed Pargi
  3188 | D:4      | Killed Pargi
  3430 | D:4      | Identified the +1 spear of Qoleik {vamp, *Rage rElec Str+9
                  | Dex-2}
  3686 | D:5      | Entered Level 5 of the Dungeon
  3686 | D:5      | Noticed a water moccasin
  3686 | D:5      | Found an ornate altar of the Wu Jian Council.
  3700 | D:4      | Killed a water moccasin
  3701 | D:4      | Reached skill level 5 in Maces & Flails
  3701 | D:4      | Reached XP level 7. HP: 45/61 MP: 6/6
  3951 | D:5      | Reached skill level 5 in Dodging
  4136 | D:5      | Noticed Sigmund
  4138 | D:5      | Noticed Eustachio
  4147 | D:5      | Killed Sigmund
  4148 | D:5      | Reached skill level 6 in Maces & Flails
  4148 | D:5      | Reached XP level 8. HP: 70/70 MP: 7/7
  4179 | D:5      | Killed Eustachio
  5078 | D:6      | Reached skill level 7 in Maces & Flails
  5139 | D:6      | Found a basalt altar of Yredelemnul.
  5402 | D:6      | Found a large runed translucent door.
  5402 | D:6      | Found a large runed translucent door.
  5404 | D:6      | Noticed dropkickpikachu's ghost (novice DsAK)
  5432 | D:6      | Slain by dropkickpikachu's ghost

Illustrated notes

Levels and vault maps discovered:
D:1:      scummos_arrival_forest, layout_basic,
          shapermc_ecumenical_altar_starsandcircs
D:2:      layout_rooms
D:3:      layout_loops_cross, okawaru_metal_pillars_1_2, lemuel_blue_sif_altar,
          nicolae_tso_swordbearing_angel, lemuel_tele_altar,
          serial_bayou_pond_e, uniq_natasha
D:4:      layout_loops_ring, minmay_temple_entry_arrows,
          hangedman_abyss_or_decor_slice, minmay_mini_ossuary, uniq_pargi
D:5:      layout_loops_ring, mainiacjoe_overflow_small_starburst,
          uniq_eustachio, uniq_sigmund
D:6:      layout_gridville, mainiacjoe_overflow_brackets,
          ebering_ghost_disaster_area
Temple:   dshaligram_water_room_temple

Skill      XL: |  1  2  3  4  5  6  7  8 |
---------------+-------------------------+-----
Maces & Flails | 3 4 5 6 7 |  7.3
Dodging        | 3 4 5 6 |  6.0
Fighting       | 3 4 |  4.8
Polearms       | |  0.4
Stealth        | |  1.8

Action                   |  1- 3 |  4- 6 |  7- 9 || total
-------------------------+-------+-------+-------++-------
Melee: Mace              |   119 |   184 |    71 ||   374
       Punch             |       |     4 |     3 ||     7
       Spear             |       |       |    38 ||    38
       Whip              |       |       |    18 ||    18
Invok: Ancestor Life: Ba |       |     1 |       ||     1
  Use: Scroll            |       |     4 |     2 ||     6
 Stab: Sleeping          |     2 |       |     2 ||     4
Armor: Robe              |    50 |    81 |    47 ||   178
Dodge: Dodged            |   104 |   141 |   104 ||   349
